Map: Honorgrounds LE

Players

Railgan - Winner!

  • Race: Zerg Zerg
  • League: Master
  • Spawn Location: 1:00

Tool

  • Race: Terran Terran
  • League: Master
  • Spawn Location: 11:00

VOD

Have the link to the VOD?

Description

Time

  • Played on: Feb. 25, 2017, 2:45 p.m.
  • Length: 16:27
Show
View Real Time Build Order
Export as new Build Order

Railgan Zerg - Winner!

Build Orders: Hatch First, Muta Ling Bane 

Get SALT Encoding   

  12  0:01  Drone  
  13  0:13  Overlord  
  13  0:19  Drone  
  14  0:32  Drone x2  
  16  0:37  Drone  
  17  0:46  Drone  
  18  0:58  Hatchery  
  18  1:03  Extractor, Drone  
  17  1:18  Spawning Pool  
  16  1:20  Drone  
  16  1:23  Drone  
  18  1:30  Drone  
  19  1:42  Overlord  
  19  1:53  Drone  
  20  2:05  Queen  
  20  2:06  Zergling x2  
  23  2:09  Queen  
  23  2:10  Zergling x2  
  23  2:15  Drone  
  27  2:20  Metabolic Boost  
  27  2:22  Drone  
  28  2:27  Drone  
  29  2:33  Drone  
  30  2:37  Drone  
  30  2:41  Queen  
  33  2:48  Overlord  
  33  2:50  Drone  
  34  2:56  Drone  
  35  2:58  Zergling x2  
  36  3:08  Lair  
  36  3:11  Zergling x4  
  36  3:17  Drone x2  
  36  3:19  Queen  
  36  3:23  Zergling x4  
  40  3:28  Zergling x4  
  40  3:31  Drone  
  40  3:33  Zergling x2  
  43  3:37  Zergling x2  
  41  3:47  Zergling x6  
  41  3:49  Zergling x2  
  41  3:50  Zergling x2  
  39  3:57  Queen  
  39  4:00  Zergling x2  
  41  4:09  Zergling x2  
  40  4:13  Drone  
  40  4:14  Drone x2  
  42  4:20  Drone  
  42  4:23  Spire  
  42  4:27  Extractor  
  42  4:28  Overlord  
  42  4:30  Drone  
  42  4:40  Zergling x4  
  42  4:45  Zergling x4  
  44  4:51  Zergling x10  
  40  5:04  Drone x2  
  40  5:06  Zergling x4  
  44  5:08  Zergling x4  
  45  5:17  Queen  
  45  5:20  Zergling x4  
  49  5:23  Zergling x2  
  49  5:24  Zergling x2  
  49  5:25  Zergling x2  
  47  5:32  Zergling x6  
  46  5:35  Mutalisk  
  46  5:41  Mutalisk  
  50  5:49  Zergling x2  
  45  5:57  Mutalisk  
  44  6:06  Zergling x4  
  44  6:07  Drone x2  
  44  6:09  Drone  
  44  6:10  Drone  
  50  6:20  Zergling x2  
  50  6:24  Overlord  
  49  6:25  Zergling x2  
  49  6:30  Zergling x2  
  42  6:37  Zergling x2  
  36  6:44  Drone x4  
  36  6:45  Drone  
  33  6:49  Drone  
  33  6:51  Queen  
  33  6:53  Drone x2  
  33  6:54  Drone  
  38  6:58  Drone x2  
  38  7:00  Drone  
  41  7:04  Drone  
  41  7:06  Drone  
  43  7:15  Drone x2  
  44  7:21  Drone  
  44  7:22  Drone  
  46  7:23  Drone x2  
  46  7:26  Drone  
  49  7:31  Baneling Nest  
  49  7:32  Drone  
  49  7:36  Queen  
  51  7:38  Drone  
  52  7:45  Overlord  
  52  7:46  Drone  
  53  7:55  Drone x4  
  53  7:57  Drone  
  58  8:00  Extractor  
  58  8:02  Extractor  
  58  8:05  Evolution Chamber  
  55  8:09  Overlord  
  55  8:19  Centrifical Hooks  
  55  8:20  Mutalisk  
  55  8:23  Overlord, Zergling x8  
  55  8:25  Drone  
  62  8:28  Drone  
  62  8:32  Drone x2  
  65  8:35  Zerg Ground Armor Level 1  
  65  8:39  Zergling x2  
  65  8:40  Zergling x4  
  68  8:47  Drone  
  69  8:54  Hatchery  
  68  8:57  Burrow  
  68  8:59  Baneling  
  68  9:00  Baneling x5  
  68  9:04  Drone x2  
  68  9:09  Evolution Chamber  
  69  9:10  Zergling x4  
  71  9:21  Mutalisk  
  71  9:22  Mutalisk  
  71  9:23  Mutalisk  
  77  9:24  Overlord  
  77  9:27  Overlord  
  77  9:28  Zergling x2  
  77  9:30  Baneling x2  
  78  9:41  Zerg Melee Weapons Level 1  
  78  9:42  Zergling x8  
  78  9:43  Baneling x2  
  82  9:51  Zergling x2  
  82  9:52  Zergling x6  
  86  9:54  Overlord  
  86  9:59  Zergling x2  
  89  10:00  Zergling x4  
  89  10:10  Zergling x6  
  92  10:15  Baneling x5  
  92  10:16  Baneling x3  
  92  10:17  Zergling x4  
  92  10:19  Baneling x5  
  94  10:24  Zerg Flyer Weapons Level 1  
  94  10:27  Spore Crawler  
  93  10:29  Overlord  
  93  10:30  Zergling x2  
  93  10:32  Baneling x2  
  94  10:39  Zergling x6  
  94  10:52  Mutalisk x3  
  100  11:01  Zergling x12  
  100  11:02  Zergling x6  
  99  11:23  Drone x3  
  102  11:28  Mutalisk x2  
  102  11:30  Zergling x2  
  102  11:31  Zergling x2  
  108  11:36  Zergling x2  
  108  11:37  Overlord, Zergling x2  
  110  11:45  Zerg Melee Weapons Level 2  
  106  12:03  Drone  
  107  12:08  Zergling x2  
  107  12:09  Zergling x8  
  112  12:16  Drone x2  
  112  12:17  Drone, Hatchery  
  112  12:18  Extractor x2, Drone x4  
  116  12:32  Mutalisk x4  
  116  12:35  Mutalisk  
  126  12:40  Overlord  
  126  12:43  Drone x2  
  128  12:44  Drone  
  129  12:52  Zerg Ground Armor Level 2  
  129  12:55  Overlord  
  129  13:00  Pneumatized Carapace  
  129  13:04  Overlord  
  129  13:05  Overseer  
  129  13:09  Queen  
  125  13:30  Zergling x8  
  125  13:32  Baneling x10  
  125  13:33  Zergling x2  
  100  13:42  Zergling x20  
  110  13:52  Zergling x14  
  113  13:55  Mutalisk  
  113  13:58  Zergling x4  
  113  14:05  Zergling x10  
  113  14:09  Overlord  
  118  14:13  Baneling x6  
  118  14:15  Zergling x2  
  119  14:23  Baneling  
  119  14:24  Baneling x5  
  108  14:25  Drone  
  108  14:26  Drone x2  
  99  14:50  Mutalisk x4  
  107  14:53  Hatchery  
  107  14:59  Baneling x2  
  106  15:00  Baneling x6  
  106  15:09  Zergling x2  
  106  15:10  Zergling x8  
  110  15:18  Zergling x2  
  111  15:24  Drone  
  111  15:25  Drone  
  111  15:26  Infestation Pit, Drone x2  
  114  15:29  Mutalisk x3  
  120  15:37  Zergling x2  
  120  15:38  Zergling x2  
  123  15:50  Zergling x4  
  124  16:00  Mutalisk x4  
  124  16:01  Mutalisk x3  
  138  16:04  Zergling x4  
  138  16:05  Zergling x2  
  138  16:08  Overlord  
Show
View Real Time Build Order
Export as new Build Order

Tool Terran 

Build Orders:  

Get SALT Encoding   

  12  0:01  SCV  
  13  0:13  SCV  
  14  0:18  Supply Depot  
  14  0:25  SCV  
  15  0:40  SCV  
  15  0:41  Barracks  
  16  0:45  Refinery  
  16  0:52  SCV  
  17  1:01  Barracks  
  17  1:14  Barracks  
  17  1:29  Reaper  
  18  1:34  Refinery  
  18  1:42  Barracks  
  18  1:48  Reaper  
  19  2:03  Reaper  
  20  2:12  Reaper  
  21  2:16  Supply Depot  
  21  2:21  Reaper  
  22  2:32  Reaper  
  23  2:38  Reaper  
  24  2:48  Reaper  
  25  2:57  Reaper  
  26  3:12  Reaper  
  27  3:18  Reaper  
  28  3:22  Supply Depot, Orbital Command  
  28  3:33  Reaper  
  29  3:38  Reaper  
  29  3:44  Reaper  
  29  3:54  Reaper  
  29  3:59  SCV  
  29  4:07  Reaper  
  29  4:12  Reaper  
  30  4:22  Supply Depot, Reaper  
  31  4:31  Reaper  
  32  4:35  SCV  
  33  4:45  Reaper  
  33  4:52  Reaper  
  33  5:00  Reaper  
  33  5:06  Reaper  
  35  5:17  Reaper  
  36  5:32  Reaper  
  36  5:34  SCV  
  39  5:43  Command Center  
  40  6:07  Marine x3  
  40  6:11  Marine  
  40  6:13  Engineering Bay  
  40  6:18  SCV  
  42  6:24  Marine  
  43  6:31  Marine x2  
  42  6:38  Marine  
  39  6:42  Marine  
  34  6:49  Missile Turret, Marine  
  34  6:51  Marine  
  34  6:52  Missile Turret  
  32  6:56  Missile Turret, Marine  
  33  7:02  Supply Depot  
  32  7:17  Barracks Tech Lab  
  32  7:18  Barracks Reactor x2  
  32  7:25  SCV  
  34  7:31  Orbital Command  
  34  7:33  Marine  
  34  7:38  SCV  
  34  7:40  Stimpack  
  35  7:46  Marine  
  35  7:50  Marine, SCV  
  38  7:56  Marine x2  
  38  7:57  Factory  
  40  7:59  SCV  
  40  8:04  SCV  
  42  8:05  Marine  
  42  8:06  Marine x2  
  45  8:13  SCV  
  45  8:14  Marine  
  45  8:16  SCV  
  49  8:21  Marine  
  49  8:23  Marine x2  
  49  8:25  SCV  
  52  8:28  SCV  
  52  8:29  Barracks Reactor  
  52  8:33  Marine x2  
  55  8:35  Terran Infantry Weapons Level 1  
  55  8:37  SCV  
  55  8:41  Factory Reactor, Starport  
  56  8:43  Marine x3  
  56  8:47  SCV  
  60  8:53  SCV  
  61  8:59  SCV  
  61  9:00  Engineering Bay  
  61  9:01  Supply Depot  
  62  9:05  SCV  
  62  9:06  Marine  
  62  9:09  Marine  
  65  9:11  SCV  
  66  9:17  SCV  
  66  9:24  SCV  
  68  9:25  Medivac x2  
  68  9:29  SCV  
  73  9:32  Marine x5  
  78  9:40  Supply Depot  
  78  9:41  Terran Infantry Armor Level 1  
  78  9:43  Supply Depot  
  78  9:48  Factory Reactor, Combat Shields  
  78  9:52  Refinery  
  78  9:55  Supply Depot, Refinery  
  78  10:01  Marine x4  
  78  10:03  Medivac  
  84  10:14  Marine x3  
  84  10:16  SCV x2  
  89  10:25  Medivac  
  89  10:28  SCV x2  
  92  10:33  Supply Depot  
  92  10:34  Marine x3, Supply Depot  
  96  10:39  Marine  
  96  10:40  Marine x2  
  87  10:45  Marine  
  78  10:52  Marine x3  
  75  10:57  Marine x2  
  75  10:58  Marine  
  75  11:02  Marine  
  74  11:09  Marine x2  
  74  11:10  Marine  
  75  11:15  Marine x3  
  72  11:20  Marine  
  72  11:22  Widow Mine  
  67  11:27  Marine x3  
  67  11:29  Medivac  
  67  11:31  Widow Mine  
  74  11:33  Marine x3  
  74  11:38  Marine  
  78  11:45  Marine x3  
  78  11:46  Medivac  
  83  11:52  Widow Mine  
  85  12:02  Marine x2  
  85  12:03  Liberator x2  
  85  12:05  Marine x3  
  85  12:08  Marine x2  
  92  12:09  Widow Mine  
  92  12:10  SCV  
  92  12:11  SCV  
  98  12:19  Marine x2  
  98  12:22  Marine x2, Widow Mine  
  104  12:23  Marine  
  104  12:26  Marine  
  104  12:28  Marine  
  108  12:37  Marine x2  
  110  12:46  Marine x4  
  110  12:47  Marine, Supply Depot  
  110  12:48  Liberator  
  115  12:51  Liberator  
  115  12:55  Marine x2  
  117  13:04  Marine x4  
  124  13:09  Marine  
  124  13:12  Supply Depot  
  128  13:13  Marine x2  
  130  13:22  Marine  
  123  13:31  Marine x3  
  123  13:32  Marine x3  
  129  13:40  Marine  
  107  13:47  Widow Mine x2  
  110  13:48  Marine  
  110  13:49  Marine x2  
  110  13:50  Marine x2  
  68  14:13  Marine  
  68  14:14  Marine x6  
  71  14:31  Marine x7  
  58  14:46  Widow Mine x2  
  58  14:47  Medivac  
  58  14:49  Marine x4  
  68  15:07  Marine x2  
Tags
 
Composition
Muta Ling Bane
Matchup
TvZ
Player
Railgan
Replay Pack
Railgan Replays
Spawn Locations
Close Positions
Add a new tag
Caveats
  • Supply blocks, unpowered buildings, or Contaminate may cause inaccurate times.
  • Supply counts are checked every 10 seconds.